 Dungeon Crawl Stone Soup version 0.14-a0-1626-g054e7ae (webtiles) character file.

5751 M4edhros the Cruncher (level 10, 0/69 HPs)
             Began as an Octopode Gladiator on Dec 25, 2013.
             Was a High Priest of Lugonu.
             Slain by a blink frog (14 damage)
             ... on Level 1 of the Lair of Beasts.
             The game lasted 00:25:30 (10736 turns).

M4edhros the Cruncher (Octopode Gladiator)         Turns: 10736, Time: 00:25:31

HP   0/69        AC  1     Str 15      XL: 10   Next: 60%
MP  21/21        EV 18     Int 17      God: Lugonu [*****.]
Gold 554         SH  0     Dex 15      Spells:  0 memorised, 14 levels left

rFire  . . .     SeeInvis .     k - +3,+8 lajatang of Night {drain, Dex+2 Int+4}
rCold  . . .     Clarity  .     (no shield)
rNeg   + . .     Conserve .     c - +0 cap
rPois  .         rCorr    .     (no amulet)
rElec  .         rRot     .     p - ring of sustain abilities
SustAb + +       Spirit   .     u - ring of positive energy
rMut   .         Warding  .     F - ring of sustain abilities
Saprov . . .     Stasis   .     (no ring)
                                (no ring)
                                (no ring)
                                (no ring)
                                (no ring)

@: somewhat resistant to hostile enchantments, stealthy
A: almost no armour, amphibious, 8 rings, constrict 8, camouflage 1, gelatinous
body 1
a: Depart the Abyss, Bend Space, Banish, Corrupt, Enter the Abyss, Renounce
Religion


You were on level 1 of the Lair of Beasts.
You worshipped Lugonu.
Lugonu was extremely pleased with you.
You were starving.

You visited 3 branches of the dungeon, and saw 13 of its levels.

You collected 554 gold pieces.

Inventory:

Hand weapons
 a - a +0,+1 quarterstaff
 f - a +2,+1 vampiric short sword
 k - the +3,+8 lajatang of Night (weapon) {drain, Dex+2 Int+4}
   (You found it on level 1 of the Lair of Beasts)

   A truly terrible weapon, it drains the life of those it strikes.
   It affects your intelligence (+4).
   It affects your dexterity (+2).
 m - a +4,+4 quarterstaff of chaos
Missiles
 d - 5 throwing nets (quivered)
 j - 7 javelins of penetration
Armour
 c - a +0 cap (worn)
Magical devices
 l - a wand of random effects (3)
Comestibles
 i - 6 meat rations
 o - an apple
 t - 6 bread rations
 v - 3 beef jerkies
 A - a snozzcumber
 B - 13 strawberries
 D - 2 chokos
Scrolls
 g - 4 scrolls of remove curse
 n - 5 scrolls of identify
 q - 2 scrolls of enchant weapon II
 x - a scroll of fog
 y - a scroll of noise
 G - a scroll of silence
Jewellery
 p - a ring of sustain abilities (left tentacle)
 u - a ring of positive energy (right tentacle)
 F - a ring of sustain abilities (on tentacle)
Potions
 b - 2 potions of restore abilities
 e - 2 potions of flight
 h - a potion of poison
 r - a potion of brilliance
 s - a potion of porridge
 C - a potion of resistance
Books
 w - a book of Annihilations {highlevel}

   This book is beyond your current level of understanding.

   Spells                             Type                      Level
   Poison Arrow                       Conjuration/Poison           6
   Chain Lightning                    Conjuration/Air              8
   Lehudib's Crystal Spear            Conjuration/Earth            8
   Ice Storm                          Conjuration/Ice              9
   Fire Storm                         Conjuration/Fire             9
 E - a book of the Earth

   Spells                             Type                      Level
   Dig                                Earth                        4
   Leda's Liquefaction                Hexes/Earth                  4
   Bolt of Magma                      Conjuration/Fire/Earth       5
   Statue Form                        Transmutation/Earth          6
   Iron Shot                          Conjuration/Earth            6
   Shatter                            Earth                        9


   Skills:
 + Level 6.4 Fighting
 + Level 9.2 Staves
 - Level 2.0 Throwing
 + Level 9.0 Dodging
 * Level 2.5 Spellcasting
 - Level 7.3 Invocations


You had 14 spell levels left.
You didn't know any spells.

Dungeon Overview and Level Annotations

Branches:
Dungeon (11/16)            Temple (1/1) D:4            Lair (1/8) D:8
    Orc: D:9-12

Altars:
Ashenzari
Cheibriados
Elyvilon
Fedhas
Kikubaaqudgha
Makhleb
Nemelex Xobeh
Okawaru
Sif Muna
Trog
Vehumet
Xom
Yredelemnul
Zin
the Shining One
Lugonu


Innate Abilities, Weirdness & Mutations

You cannot wear most types of armour.
You are amphibious.
You can wear up to eight rings at the same time.
You can use your tentacles to constrict many enemies at once.
Your skin changes colour to match your surroundings (Stlth).
Your rubbery body absorbs attacks (AC +1).


Message History

Okay, then.
You don't know any spells.
Unknown command.
Evoke which item? (* to show all) (? for menu, Esc to quit)
Okay, then.
Read which item? (? for menu, Esc to quit)
Okay, then.
You don't know any spells.
Drink which item? (? for menu, Esc to quit)
Okay, then.
You slice the blink frog!!
You kill the blink frog!
Lugonu accepts your kill. The blink frog closely misses you.
You slash the blink frog! You drain the blink frog! You grab the blink frog.
The blink frog is severely wounded.
You constrict the blink frog.
You are starving!
The blink frog hits you!
You die...

#.# ......... #.#
..r....... #.#
.......... #j#.
...r......
#.#...............
#.#...............
#.#...............
#.#...............
#@#...............
###F#....r......[...
##.rFr.F...F.........
#......r.............
#....................
#.#f###.##.#f#########
#### #######


You could see a giant slug, 2 blink frogs and 2 green rats.

Vanquished Creatures
  A feature mimic (D:9)
  Grinder (D:4)
  A blink frog (Lair:1)
  A hippogriff (Lair:1)
  A necrophage (D:9)
  A porcupine (Lair:1)
  2 sky beasts
  A deep dwarf (D:9)
  5 ogres
  2 centaurs
  An orc warrior (D:8)
  The ghost of Tolias the Vexing, an average DsEn (D:3)
  A crocodile (Lair:1)
  4 giant frogs
  2 water moccasins (Lair:1)
  An insubstantial wisp (D:11)
  A gnoll sergeant (D:9)
  A manticore skeleton (D:10)
  A cyclops skeleton (D:9)
  A killer bee (D:11)
  A reindeer skeleton (D:11)
  A goliath beetle (D:8)
  3 jellies
  A black bear zombie (D:7)
  5 hounds
  7 crimson imps
  Crazy Yiuf (D:4)
  2 gnoll shamans (D:5)
  3 orc priests
  2 iguanas (D:10)
  3 orc wizards
  A scorpion (D:10)
  10 worker ants
  2 hound skeletons
  16 adders
  16 gnolls
  A green rat (Lair:1)
  A giant mite (D:3)
  5 worms
  An iguana zombie (D:6)
  An adder skeleton (D:5)
  4 giant geckos
  3 oozes
  33 orcs
  3 ball pythons (D:3)
  14 bats
  A bat skeleton (D:4)
  8 giant cockroaches
  17 hobgoblins
  13 jackals
  11 kobolds
  7 quokkas
  4 giant newts
  A giant newt zombie (D:5)
  A giant spore (D:9)
  9 goblins
  A hobgoblin skeleton (D:5)
  A kobold skeleton (D:4)
  2 kobold zombies
  An orc skeleton (D:7)
  A quokka zombie (D:5)
  19 rats
  A butterfly (D:4)
268 creatures vanquished.

Vanquished Creatures (others)
  A spiny frog (Lair:1)
  A troll (D:10)
  A two-headed ogre (D:11)
  A hill giant zombie (D:9)
  A hungry ghost (D:9)
  A manticore (D:7)
  A steam dragon (D:10)
  2 centaurs
9 creatures vanquished.

Grand Total: 277 creatures vanquished

Notes
Turn   | Place    | Note
--------------------------------------------------------------
     0 | D:1      | M4edhros, the Octopode Gladiator, began the quest for the Orb.
     0 | D:1      | Reached XP level 1. HP: 14/14 MP: 1/1
    83 | D:1      | Reached XP level 2. HP: 19/19 MP: 2/2
   366 | D:1      | Reached XP level 3. HP: 18/24 MP: 3/3
  1223 | D:2      | Reached skill level 4 in Staves
  1223 | D:2      | Reached XP level 4. HP: 27/29 MP: 4/4
  1675 | D:3      | Found a glowing golden altar of the Shining One.
  1856 | D:3      | Reached XP level 5. HP: 7/31 MP: 5/5
  2111 | D:3      | Noticed Tolias' ghost (average DsEn)
  2130 | D:3      | Killed Tolias' ghost
  2130 | D:3      | Reached skill level 5 in Staves
  2357 | D:4      | Noticed Grinder
  2403 | D:4      | Reached XP level 6. HP: 36/36 MP: 6/6
  2485 | D:4      | Noticed an ogre
  2495 | D:4      | Killed an ogre
  2495 | D:4      | Reached skill level 5 in Dodging
  2835 | D:4      | Killed Grinder
  2835 | D:4      | Reached skill level 6 in Staves
  2835 | D:4      | Reached XP level 7. HP: 33/42 MP: 7/7
  2879 | D:4      | Found a staircase to the Ecumenical Temple.
  2894 | Temple   | Entered the Ecumenical Temple
  2919 | Temple   | Became a worshipper of Lugonu the Unformed
  2919 | Temple   | Acquired Lugonu's first power
  2983 | D:4      | Noticed a moth of wrath
  2985 | D:4      | Found a bloodstained altar of Trog.
  3061 | D:4      | Noticed Crazy Yiuf
  3072 | D:4      | Killed Crazy Yiuf
  3331 | D:4      | Acquired Lugonu's second power
  3416 | D:5      | Entered Level 5 of the Dungeon
  3782 | D:2      | Found a shattered altar of Ashenzari.
  3916 | D:2      | Found a snail-covered altar of Cheibriados.
  3921 | D:2      | Found a radiant altar of Vehumet.
  4170 | D:5      | Found a sparkling altar of Nemelex Xobeh.
  4321 | D:5      | Reached XP level 8. HP: 40/50 MP: 8/8
  4388 | D:5      | Reached skill level 7 in Staves
  4755 | D:5      | Reached skill level 1 in Invocations
  5818 | D:6      | Acquired Lugonu's third power
  6704 | D:7      | Reached XP level 9. HP: 49/58 MP: 14/14
  7183 | D:7      | Found a deep blue altar of Sif Muna.
  7332 | D:8      | Found a staircase to the Lair.
  7414 | D:8      | Reached skill level 8 in Staves
  7472 | D:8      | Acquired Lugonu's fourth power
  7530 | D:8      | Found a blossoming altar of Fedhas.
  7564 | D:8      | Reached skill level 5 in Invocations
  8054 | D:9      | You fall through a shaft for 2 floors!
  8071 | D:10     | Entered Level 10 of the Dungeon
  8177 | D:10     | Reached skill level 5 in Fighting
  8860 | D:11     | Noticed an octopode
  8883 | D:11     | Acquired Lugonu's fifth power
  8892 | D:11     | Reached XP level 10. HP: 38/66 MP: 15/20
  9553 | D:9      | Found a burning altar of Makhleb.
  9704 | D:9      | Found a shimmering altar of Xom.
 10022 | D:9      | Reached skill level 1 in Spellcasting
 10096 | D:9      | Reached skill level 9 in Staves
 10259 | Lair:1   | Entered Level 1 of the Lair of Beasts
 10640 | Lair:1   | Got a steaming lajatang
 10641 | Lair:1   | Identified the +3,+8 lajatang of Night {drain, Dex+2 Int+4} (You found it on level 1 of the Lair of Beasts)
 10736 | Lair:1   | Slain by a blink frog

Action                   |  1- 3 |  4- 6 |  7- 9 | 10-12 || total
-------------------------+-------+-------+-------+-------++-------
Melee: Quarterstaff      |    69 |    88 |   389 |    96 ||   642
       Lajatang          |       |       |       |    11 ||    11
Invok: Banish            |       |       |     7 |     6 ||    13
       Bend Space        |       |       |       |     2 ||     2
Evoke: Wand              |       |       |    18 |     1 ||    19
  Use: Potion            |       |     7 |    10 |     3 ||    20
       Scroll            |       |     6 |    13 |     7 ||    26
 Stab: Sleeping          |     2 |     4 |    13 |       ||    19
       Paralysed         |       |       |     8 |       ||     8
       Distracted        |       |       |     1 |       ||     1
       Confused          |       |       |     2 |       ||     2
